 Dungeon Crawl Stone Soup version 0.31.0-11-ge490571c62 (webtiles) character file.

Game seed: 4999133934975135458

48 RancidPinata the Sneak (level 3, 0/26 HPs)
             Began as an Octopode Delver on Feb 7, 2024.
             Slain by an iguana (10 damage)
             ... on level 4 of the Dungeon.
             The game lasted 00:04:30 (610 turns).

RancidPinata the Sneak (Octopode Delver)             Turns: 610, Time: 00:04:31

Health: 0/26       AC:  1    Str: 11    XL:     3   Next: 72%
Magic:  3/3        EV: 13    Int: 12    God:
Gold:   35         SH:  0    Dex: 15    Spells: 2/2 levels left

rFire   . . .        a - +0 short sword
rCold   . . .        (no shield)
rNeg    . . .        (helmet restricted)
rPois   .            (no amulet)
rElec   .            l - +4 ring of slaying
rCorr   .            (no ring)
SInv    .            (no ring)
Will    .....        (no ring)
Stlth   +++++        (no ring)
HPRegen 0.24/turn    (no ring)
MPRegen 0.08/turn    (no ring)
                     (no ring)

%: no passive effects
@: no status effects
A: almost no armour, amphibious, 8 rings, camouflage 1, gelatinous body 1,
(nimble swimmer 1), tentacles
a: no special abilities


You were on level 4 of the Dungeon.
You visited 1 branch of the dungeon, and saw 4 of its levels.

You collected 35 gold pieces.

Inventory:

Hand Weapons
 a - a +0 short sword (weapon)
Jewellery
 l - a +4 ring of slaying (left tentacle)
Wands
 f - a wand of digging (3)
Scrolls
 b - 2 scrolls of fog
 c - a scroll of revelation
 d - a scroll of fear
 h - a scroll of enchant armour {unknown}
 i - a scroll of teleportation {unknown}
 j - 3 scrolls of identify {unknown}
Potions
 e - 2 potions of haste
 g - a potion of ambrosia {unknown}
 k - 2 potions of heal wounds {unknown}
 m - a potion of curing {unknown}


   Skills:
 * Level 3.5 Fighting
 + Level 2.3 Short Blades
 * Level 2.6 Dodging
 * Level 7.1 Stealth


You had 2 spell levels left.
You didn't know any spells.
Your spell library contained the following spells:

 Spells                   Type           Power      Damage    Failure   Level
 Ensorcelled Hibernation  Hex/Ice        0%         N/A       45%         2
 Passwall                 Erth           0%         N/A       69%         3
 Swiftness                Air            0%         N/A       69%         3


Dungeon Overview and Level Annotations

Branches:
Dungeon (6/15)
 Temple: D:4-7

Altars:
Wu Jian

Annotations:
D:5 1 runed translucent door, turdburglar's ghost, novice DrSh


Innate Abilities, Weirdness & Mutations

You cannot wear most types of armour.
You are amphibious.
You can wear up to eight rings at the same time.
Your skin changes colour to match your surroundings (Stealth+).
Your rubbery body absorbs attacks. (AC +1, EV +1)
((You are camouflaged when in or above water. (Stealth+)))
You have tentacles for arms and can constrict up to eight enemies at once.


Message History

Found 10 gold pieces.
A ball python comes into view.
A ball python comes into view.
You see here a scroll labelled IHAUMAECRAL.
j - 3 scrolls labelled IHAUMAECRAL (gained 1)
The ball python hisses angrily.
The ball python hisses angrily.
Found a scroll labelled ZUAL LODEXO.
An orc comes into view. It is wielding a +0 whip.
The iguana hisses angrily.
The ball python attacks as it pursues you!
The ball python bites you. The ball python grabs you.
The ball python constricts you.
You hit the ball python.
You kill the ball python!
Found 15 gold pieces.
A hobgoblin comes into view.
The orc shouts!
Found an ornate altar of the Wu Jian Council.
The ball python bites you. The ball python grabs you.
The ball python constricts you. The ball python bites you.
The ball python constricts you.
You escape the ball python's grasp.
A goblin comes into view. It is wielding a +0 club.
You hit the ball python.
You kill the ball python!
Unknown command.
You hit the iguana. You grab the iguana.
The iguana is moderately wounded.
You constrict the iguana, but do no damage.
The iguana bites you!
Ouch! That really hurt!
You hit the iguana but do no damage.
The iguana is moderately wounded.
You constrict the iguana, but do no damage.
The iguana misses you.
You hit the iguana.
The iguana is heavily wounded.
You constrict the iguana. The iguana bites you!
You die...

.......#.?.
#......#...
##..g...$..
##..........
........##....
.........#....
#.........#.. ###
#....##..##. #@#
##...###.....
##l####....#.o...≈≈
#.o..##.......#..≈.
#.......###.####.≈.
##.....o......##.≈.
#...............≈.
#..###..###.....§§
##.# #### ....§≈.
### ###.§§.


You could see an iguana and an orc.

Vanquished Creatures
  A hound (D:3)
  A gnoll (D:3)
  2 ball pythons (D:4)
  2 endoplasms (D:3)
  A kobold (D:3)
  A quokka (D:3)
8 creatures vanquished.

Notes
Turn   | Place    | Note
-------+----------+-------------------------------------------
     0 | D:5      | RancidPinata the Octopode Delver began the quest for the
                  | Orb.
     0 | D:5      | Reached XP level 1. HP: 16/16 MP: 1/1
     1 | D:6      | Noticed an ogre
    25 | D:5      | Noticed an ogre
    66 | D:5      | Noticed a hound
   147 | D:5      | Found a runed translucent door.
   149 | D:5      | Noticed turdburglar's ghost (novice DrSh)
   149 | D:5      | Noticed an orc warrior
   163 | D:5      | Noticed an orc priest
   187 | D:4      | Noticed an iguana
   296 | D:3      | Noticed a hound
   299 | D:3      | Killed a hound
   300 | D:3      | Reached skill level 7 in Stealth
   300 | D:3      | Reached XP level 2. HP: 21/21 MP: 2/2
   300 | D:3      | Reached XP level 3. HP: 26/26 MP: 3/3
   590 | D:4      | Found an ornate altar of the Wu Jian Council.
   610 | D:4      | Slain by an iguana

Illustrated notes

Levels and vault maps discovered:
D:3:      layout_basic
D:4:      layout_cave_pools, mainiacjoe_overflow_concentric_impassable,
          minmay_temple_entry_poolview
D:5:      layout_gridville, general_overflow_altar, ebering_ghost_inner_flame,
          serial_shops, shop
D:6:      layout_cave_pools, uniq_sigmund

Skill      XL: |  1 |
---------------+----+-----
Stealth        | 7 |  7.1
Fighting       | |  3.5
Short Blades   | |  2.3
Dodging        | |  2.6

Action                     || total
---------------------------++-------
  Melee: Short sword       ||    13
         Constrict         ||     2
         Tentacles         ||     1
   Stab: Sleeping          ||     5
 Armour: Skin              ||     9
  Dodge: Dodged            ||     8
